 Dungeon Crawl Stone Soup version 0.28.0-43-g3370ac3207 (webtiles) character file.

Game seed: 6577029751184295420

53 adizb the Cudgeller (level 3, -1/22 HPs)
             Began as a Gargoyle Gladiator on Mar 9, 2022.
             Slain by Terence
             ... wielding a +0 mace
              (4 damage)
             ... on level 2 of the Dungeon.
             The game lasted 00:04:34 (861 turns).

adizb the Cudgeller (Gargoyle Gladiator)             Turns: 861, Time: 00:04:35

Health: -1/22      AC:  9    Str: 17    XL:     3   Next: 87%
Magic:  3/3        EV: 11    Int:  8    God:
Gold:   37         SH:  0    Dex: 13    Spells: 2/2 levels left

rFire   . . .      SeeInvis .   a - +0 flail
rCold   . . .      Faith    .   (no shield)
rNeg    + . .      Spirit   .   e - +0 ring mail
rPois   ∞          Reflect  .   c - +0 helmet
rElec   +          Harm     .   (no cloak)
rCorr   .          Rampage  .   (no gloves)
Will    .....                   (no boots)
Stlth   +.........              (no amulet)
HPRegen 0.07/turn               (no ring)
MPRegen 0.08/turn               (no ring)

@: no status effects
A: sickness immunity, AC +3, negative energy resistance 1, electricity
resistance, torment resistance 1, petrification resistance
a: no special abilities


You were on level 2 of the Dungeon.
You visited 1 branch of the dungeon, and saw 2 of its levels.

You collected 37 gold pieces.

Inventory:

Hand Weapons
 a - a +0 flail (weapon)
Armour
 b - a +0 leather armour
 c - a +0 helmet (worn)
 e - a +0 ring mail (worn)
Scrolls
 f - a scroll of enchant weapon
 h - a scroll of holy word


   Skills:
 + Level 2.6 Fighting
 * Level 3.6 Maces & Flails
 - Level 1.7 Throwing
 + Level 1.1 Armour
 + Level 2.6 Dodging
 + Level 1.4 Stealth
 + Level 0.6 Shields


You had 2 spell levels left.
You didn't know any spells.
Your spell library contained the following spells:

 Spells                   Type           Power      Damage    Failure   Level
 Foxfire                  Conj/Fire      0%         2x1d4     63%         1
 Conjure Flame            Conj/Fire      0%         6-21      94%         3
 Inner Flame              Hex/Fire       0%         N/A       94%         3
 Flame Wave               Conj/Fire      0%         2d4       100%        4


Dungeon Overview and Level Annotations

Branches:
Dungeon (2/15)

Altars:

Shops:
D:2 [

Annotations:
D:2 Terence


Innate Abilities, Weirdness & Mutations

You are immune to sickness and miasma.
Your stone body is resilient. (AC +3)
You are immune to poison.
You resist negative energy. (rN+)
You are resistant to electric shocks. (rElec)
You are resistant to unholy torment.
You are immune to petrification.


Message History

Press: ? - help, Q - select action Shift-Dir - straight line, f - Terence
Aim: Terence, wielding a +0 mace, wearing a +0 scale mail and carrying a wand of flame (15) (61% to hit)
You throw a throwing net. The throwing net hits Terence.
Terence is caught in the net!
Terence shouts, "ATTACK!!!"
Terence struggles against the net.
The kobold closely misses you.
You hit Terence.
Terence is moderately wounded.
Terence struggles against the net.
The kobold hits you with a +0 short sword.
You hit Terence.
Terence is moderately wounded.
Terence struggles against the net.
The kobold hits you but does no damage.
You barely miss Terence. You punch Terence.
Terence is heavily wounded.
Terence struggles against the net.
The kobold closely misses you.
You hit Terence.
Terence is severely wounded.
Terence struggles against the net.
The net rips apart, and Terence comes free!
The kobold hits you but does no damage.
Terence zaps a wand.
The puff of flame hits you but does no damage.
Throw: 2 throwing nets
Press: ? - help, Q - select action Shift-Dir - straight line, f/p - Terence
Aim: Terence, wielding a +0 mace, wearing a +0 scale mail and carrying a wand of flame (14) (severely wounded, 61% to hit)
You throw a throwing net. The throwing net barely misses Terence.
The kobold hits you but does no damage. Terence hits you with a +0 mace.
* * * LOW HITPOINT WARNING * * *
Throw: throwing net
Press: ? - help, Q - select action Shift-Dir - straight line, f/p - Terence
Aim: Terence, wielding a +0 mace, wearing a +0 scale mail and carrying a wand of flame (14) (severely wounded, 61% to hit)
You throw a throwing net.
The throwing net closely misses Terence.
The kobold barely misses you.
You closely miss Terence.
Terence is severely wounded.
Terence hits you with a +0 mace.
* * * LOW HITPOINT WARNING * * *
The kobold misses you. Terence hits you with a +0 mace.
You die...

#.......... #
#...##.##.# #.
#...# ..# #.
#...##..#.#
#..#∩........#
#..##†#.#..###
##.....#....#
#.#<#.#.#.#.#.#
(.....@@......#
#.#.#.#K#.#.#.#
..............#
#.#.#.#!#.#.#.#
..............#
#.#.#.#.#.#.#.#
..............#
#.#.# #.# #.#.#
..@. ... ...#


You could see Terence and a kobold.

Vanquished Creatures
  Natasha (D:2)
  2 ball pythons (D:1)
  3 bats (D:1)
  2 giant cockroaches
  3 goblins (D:1)
  3 hobgoblins (D:1)
  3 kobolds (D:1)
  2 quokkas (D:1)
  2 frilled lizards (D:1)
  6 rats
27 creatures vanquished.

Notes
Turn   | Place    | Note
-------+----------+-------------------------------------------
     0 | D:1      | adizb the Gargoyle Gladiator began the quest for the Orb.
     0 | D:1      | Reached XP level 1. HP: 12/12 MP: 1/1
   143 | D:1      | Reached XP level 2. HP: 10/18 MP: 2/2
   323 | D:1      | Reached skill level 1 in Stealth
   625 | D:1      | Reached XP level 3. HP: 22/22 MP: 3/3
   817 | D:2      | Found Nearch's Antique Armour Shoppe.
   826 | D:2      | Noticed Natasha
   838 | D:2      | Killed Natasha
   839 | D:2      | Reached skill level 1 in Armour
   845 | D:2      | Noticed Terence
   861 | D:2      | Slain by Terence

Illustrated notes

Levels and vault maps discovered:
D:1:      dpeg_arrival_morbid_curiosity, layout_loops_ring
D:2:      layout_basic, chequers_ecumenical_altar_simple, serial_shops,
          nicolae_diamond_shop, nicolae_shop_competitors_out_of_business, shop,
          shop_coins, serial_forest, infiniplex_forest_diagonal,
          infiniplex_forest_clump_curved, infiniplex_forest_clump_small,
          infiniplex_forest_lined_room_2, infiniplex_forest_lined_room_2,
          infiniplex_forest_clump_medium, basic_altar, st_stairs_11,
          minmay_tetromino_t2, uniq_terence, uniq_natasha

Skill      XL: |  1  2  3 |
---------------+----------+-----
Stealth        | 1 |  1.4
Armour         | 1 |  1.1
Fighting       | |  2.6
Maces & Flails | |  3.6
Throwing       | |  1.7
Dodging        | |  2.6
Shields        | |  0.6

Action                   || total
-------------------------++-------
Melee: Flail             ||    82
       Punch             ||     1
Throw: Throwing net      ||     3
  Use: Scroll            ||     3
       Potion            ||     2
Armor: Leather armour    ||     4
       Ring mail         ||    39
Dodge: Dodged            ||    71
